 Dungeon Crawl Stone Soup version 0.30-a0-1074-g5db6f66fbb (webtiles) character file.

Game seed: 2055173737456274287

9317 Pimp the Thaumaturge (level 11, -14/59 HPs)
             Began as a Deep Elf Fire Elementalist on Apr 13, 2023.
             Was an Initiate of Gozag.
             Demolished by Snorg (19 damage)
             ... on level 10 of the Dungeon.
             The game lasted 00:47:12 (12125 turns).

Pimp the Thaumaturge (Deep Elf Fire Elementalist)  Turns: 12125, Time: 00:47:15

Health: -14/59     AC:  8    Str:  5    XL:     11   Next: 21%
Magic:  20/27      EV: 22    Int: 29    God:    Gozag
Gold:   1347       SH:  0    Dex: 17    Spells: 15/31 levels left

rFire   + . .      SeeInvis .    c - +1 dagger "Affuymoegu" {venom, rF+}
rCold   . . .      Faith    .    (no shield)
rNeg    . . .      Spirit   .    A - +2 robe {Will+}
rPois   .          Reflect  .    n - +2 helmet
rElec   .          Rampage  .    o - +0 cloak
rCorr   .                        (no gloves)
Will    ++...                    (no boots)
Stlth   +++++                    I - amulet of magic regeneration
HPRegen 0.29/turn                N - +6 ring of intelligence
MPRegen 0.60/turn                R - +5 ring of evasion

@: invisible
A: no striking features
a: Renounce Religion, Potion Petition, Call Merchant, Bribe Branch


You were on level 10 of the Dungeon.
You worshipped Gozag.
Gozag was most pleased with you.
You visited 1 branch of the dungeon, and saw 10 of its levels.
You also visited: Ossuary.

You collected 1575 gold pieces.
You spent 133 gold pieces at shops.
You paid 95 gold pieces to Gozag.

Inventory:

Hand Weapons
 c - the +1 dagger "Affuymoegu" (weapon) {venom, rF+}
   (You bought it in a shop on level 4 of the Dungeon)

   rF:        It protects you from fire.
 d - a +0 short sword of protection
 j - a +0 dagger of draining
 G - a +0 long sword of flaming
Missiles
 s - 2 throwing nets
Armour
 a - a +0 robe
 g - a +0 ring mail
 n - a +2 helmet (worn)
 o - a +0 cloak (worn)
 A - a +2 robe of willpower (worn)
Jewellery
 i - a ring of resist corrosion
 m - a ring of magical power
 x - a ring of positive energy
 C - a ring of flight
 F - a +4 ring of protection
 I - an amulet of magic regeneration (around neck)
 J - a ring of wizardry
 N - a +6 ring of intelligence (left hand)
 Q - a ring of see invisible
 R - a +5 ring of evasion (right hand)
Wands
 y - a wand of roots (17)
 z - a wand of flame (4)
 E - a wand of digging (3)
 H - a wand of mindburst (18)
 K - a wand of paralysis (3)
 P - a wand of polymorph (5)
Scrolls
 h - 2 scrolls of vulnerability
 l - 3 scrolls of teleportation
 M - 2 scrolls of identify
 O - a scroll of amnesia {unknown}
Potions
 b - 2 potions of magic
 e - 5 potions of resistance
 f - 2 potions of curing
 k - 3 potions of heal wounds
 q - a potion of berserk rage
 r - 2 potions of brilliance
 t - a potion of flight {unknown}
 u - 3 potions of lignification
 v - 2 potions of mutation {unknown}
 w - a potion of attraction {unknown}
 B - a potion of might {unknown}
 D - a potion of ambrosia {unknown}


   Skills:
 + Level 2.7 Fighting
 + Level 9.5 Dodging
 + Level 10.4 Stealth
 + Level 10.5 Spellcasting
 + Level 8.5 Conjurations
 + Level 9.1 Fire Magic


You had 15 spell levels left.
You knew the following spells:

 Your Spells              Type           Power      Damage    Failure   Level
a - Foxfire               Conj/Fire      100%       2x1d9     1%          1
b - Scorch                Fire           100%       2d9       1%          2
c - Volatile Blastmotes   Fire/Tloc      82%        2d16      1%          3
d - Flame Wave            Conj/Fire      61%        2d14      1%          4
e - Inner Flame           Hex/Fire       41%        N/A       1%          3
f - Hailstorm             Conj/Ice       40%        3d10      1%          3

Your spell library contained the following spells:

 Spells                   Type           Power      Damage    Failure   Level
 Beastly Appendage        Tmut           30%        N/A       3%          1
 Freeze                   Ice            60%        1d7       3%          1
 Sandblast                Erth           30%        2d9       3%          1
 Cigotuvi's Dreadful Rot  Necr/Pois/Air  30%        N/A       5%          2
 Ensorcelled Hibernation  Hex/Ice        30%        N/A       5%          2
 Wereblood                Tmut           15%        N/A       5%          2
 Frozen Ramparts          Ice            30%        1d5       11%         3
 Spider Form              Tmut/Pois      15%        N/A       11%         3
 Summon Guardian Golem    Hex/Summ       15%        N/A       11%         3
 Tukima's Dance           Hex            15%        N/A       11%         3
 Leda's Liquefaction      Hex/Erth       7%         N/A       34%         4
 Passage of Golubria      Tloc           15%        N/A       34%         4
 Petrify                  Tmut/Erth      15%        N/A       34%         4
 Orb of Destruction       Conj           30%        9d10      65%         7
 Lee's Rapid Deconstruct  Erth           7%         3d7*      69%         5
 Yara's Violent Unravell  Hex/Tmut       7%         3d5       69%         5
 Spellforged Servitor     Conj/Summ      20%        N/A       99%         7


Dungeon Overview and Level Annotations

Branches:
Dungeon (10/15)            Temple (0/1) D:7         Ossuary (visited)
   Lair: D:8-11         Orc: D:9-12

Altars:
Cheibriados
Elyvilon
Fedhas
Gozag
Nemelex Xobeh
Okawaru
Ru
Sif Muna
Trog
Zin
The Shining One

Shops:
D:1 *   D:4 (=*[

Annotations:
D:10 Snorg


Message History

The orc wizard casts a spell.
The orc wizard flickers and vanishes!
Deactivating autopickup; reactivate with Ctrl-A.
Snorg attacks as you move away! Snorg misses you. Snorg completely misses you.
Snorg claws you! Snorg bites you but does no damage. Snorg misses you.
Snorg claws you but does no damage.
You hear a shout!
Casting: Scorch (safe; 1% risk of failure)
Confirm with . or Enter, or press ? or * to list all spells.
Flames lash Snorg.
Snorg is burned terribly!
Snorg is almost dead.
Snorg bites you. Snorg claws you. Snorg misses you. Snorg bites you.
* * * LOW HITPOINT WARNING * * *
Snorg completely misses you. x2
You hear a shout!
Okay, then.
You feel much better. Snorg misses you. Snorg claws you!
Snorg barely misses you.
Casting: Scorch (safe; 1% risk of failure)
Confirm with . or Enter, or press ? or * to list all spells.
Flames lash Snorg.
Snorg is burned terribly!
Snorg is almost dead.
Snorg completely misses you. x2; Snorg misses you.
Snorg bites you but does no damage. Snorg completely misses you.
Snorg claws you!
* * * LOW HITPOINT WARNING * * *
Okay, then.
You feel much better. Snorg bites you!
* * * LOW HITPOINT WARNING * * *
Snorg claws you.
* * * LOW HITPOINT WARNING * * *
Snorg completely misses you.
You fade into invisibility!
Snorg bites you.
* * * LOW HITPOINT WARNING * * *
Snorg claws you but does no damage. Snorg misses you.
Snorg completely misses you. Snorg claws you!!
You die...
Your body crumbles into a pile of gold.

...........................
............###...<...###.
.............##............
..............#.).)........
#.............#..........
#...[.......####.........
.##..........## #.........
..........)..#####.........
...<...........T@..........
..............)#..........
$.........)[.o####........
...........)..# ......
........................
..........[...###.......
......###.....# ....
......##......# .##. ...
.>....o{.


You could see Snorg (berserk, unable to see you, combustible) and an orc (unable
to see you).

Vanquished Creatures
  2 two-headed ogres (D:9)
  Pikel (D:4)
  Maurice (D:10)
  2 kobold demonologists (D:8)
  A hornet (D:9)
  A troll (D:9)
  Sigmund (D:5)
  3 wyverns
  3 yaks
  2 steam dragons
  Menkaure (D:5)
  Duvessa (D:5)
  4 orc warriors
  3 ice beasts
  3 black bears
  2 ogres (D:6)
  A centaur (D:7)
  2 lemures (D:4)
  A phantom (D:4)
  6 kobold brigands (D:9)
  5 elf zombies
  3 bullfrogs
  An elf skeleton (D:4)
  3 gnoll sergeants
  3 scorpions
  Dowan (D:5)
  18 killer bees
  3 howler monkeys (D:10)
  2 centaur zombies (Ossuary)
  2 jellies
  3 human zombies (Ossuary)
  6 orc priests
  3 hounds
  Crazy Yiuf (D:3)
  2 sleepcaps
  A human skeleton (D:4)
  Ijyb (D:5)
  3 orc wizards
  4 iguanas
  A scorpion zombie (D:3)
  Terence (D:2)
  2 hound skeletons (D:3)
  2 mummies (Ossuary)
  5 adders
  19 gnolls
  3 shadow imps
  3 white imps
  3 ufetubi
  2 adder zombies (D:3)
  4 adder skeletons (D:3)
  4 worms
  A dart slug (D:4)
  30 orcs
  6 endoplasms
  3 giant cockroaches
  7 hobgoblins
  5 quokkas
  7 ball pythons
  10 bats
  3 frilled lizards
  9 goblins
  18 kobolds
  An orc skeleton (D:4)
  An orc zombie (D:4)
  A quokka skeleton (D:3)
  A quokka zombie (D:3)
  7 rats
265 creatures vanquished.

Vanquished Creatures (others)
  An orc warrior (D:8)
  413 foxfires
  2 withered plants (D:3)
416 creatures vanquished.

Grand Total: 681 creatures vanquished

Notes
Turn   | Place    | Note
-------+----------+-------------------------------------------
     0 | D:1      | Pimp the Deep Elf Fire Elementalist began the quest for the
                  | Orb.
     0 | D:1      | Reached XP level 1. HP: 10/10 MP: 6/6
    57 | D:1      | Found Timuph's General Store.
   239 | D:1      | Found a faded altar of an unknown god.
   278 | D:1      | Reached XP level 2. HP: 15/15 MP: 5/8
   880 | D:2      | Reached XP level 3. HP: 19/19 MP: 1/9
   973 | D:2      | Learned a level 2 spell: Scorch
   977 | D:2      | Learned a level 3 spell: Volatile Blastmotes
  1054 | D:2      | Reached XP level 4. HP: 24/24 MP: 1/11
  2181 | D:3      | Noticed Terence
  2191 | D:2      | Killed Terence
  2192 | D:2      | Reached XP level 5. HP: 16/28 MP: 13/13
  2303 | D:3      | Found a runed translucent door.
  2304 | D:3      | Noticed Crazy Yiuf
  2956 | D:3      | Found an iron altar of Okawaru.
  3304 | D:3      | Killed Crazy Yiuf
  3305 | D:3      | Reached XP level 6. HP: 17/32 MP: 14/14
  3415 | D:4      | Reached skill level 5 in Spellcasting
  3600 | D:4      | Reached skill level 5 in Stealth
  3600 | D:4      | Reached XP level 7. HP: 34/36 MP: 9/16
  3666 | D:4      | Found a sand-covered staircase.
  3692 | D:4      | Reached skill level 5 in Fire Magic
  3695 | Ossuary  | Entered an ossuary
  3841 | Ossuary  | Reached skill level 5 in Dodging
  4008 | Ossuary  | Reached XP level 8. HP: 20/41 MP: 19/19
  4096 | Ossuary  | Learned a level 4 spell: Flame Wave
  4215 | D:4      | Found Hepp's Jewellery Emporium.
  4215 | D:4      | Found Ybiangyz's Armour Emporium.
  4215 | D:4      | Found Geineb's Antique Weapon Emporium.
  4218 | D:4      | Found Voisirph's Assorted Antiques.
  4264 | D:4      | Bought a shimmering dagger for 133 gold pieces
  4264 | D:4      | Identified the +1 dagger "Affuymoegu" {venom, rF+} (You
                  | bought it in a shop on level 4 of the Dungeon)
  4338 | D:4      | Learned a level 3 spell: Inner Flame
  4613 | D:4      | Noticed Pikel
  4759 | D:4      | Killed Pikel
  4760 | D:4      | Reached skill level 5 in Conjurations
  5073 | D:5      | Entered Level 5 of the Dungeon
  5103 | D:5      | Found a blossoming altar of Fedhas.
  5336 | D:5      | Noticed Ijyb
  5350 | D:5      | Killed Ijyb
  5434 | D:5      | Noticed Menkaure
  5435 | D:5      | Noticed Sigmund
  5446 | D:5      | Killed Menkaure
  5447 | D:5      | Reached XP level 9. HP: 45/45 MP: 22/22
  5451 | D:5      | Killed Sigmund
  5682 | D:5      | Found a sparkling altar of Nemelex Xobeh.
  5783 | D:5      | Found an opulent altar of Gozag.
  5789 | D:5      | Became a worshipper of Gozag Ym Sagoz the Greedy
  5800 | D:5      | Found a glowing golden altar of the Shining One.
  5801 | D:5      | Found a glowing silver altar of Zin.
  5802 | D:5      | Found a white marble altar of Elyvilon.
  5857 | D:5      | Noticed Duvessa
  5863 | D:5      | Learned a level 3 spell: Hailstorm
  5867 | D:5      | Noticed Dowan
  5877 | D:5      | Killed Dowan
  5877 | D:5      | Killed Duvessa
  6109 | D:5      | Found a shimmering blue altar of Sif Muna.
  6126 | D:5      | Found a bloodstained altar of Trog.
  6133 | D:5      | Got Sif Muna's Parchment of the Snowflakes
  7286 | D:7      | Found a staircase to the Ecumenical Temple.
  7615 | D:7      | Found a sacrificial altar of Ru.
  7885 | D:7      | Got the Compilation of Rot and Terra Firma
  8326 | D:7      | Reached XP level 10. HP: 43/50 MP: 25/25
 10135 | D:9      | Noticed a two-headed ogre
 10136 | D:9      | Reached skill level 1 in Fighting
 10863 | D:9      | Reached skill level 10 in Spellcasting
 10885 | D:9      | Noticed a two-headed ogre
 10901 | D:9      | Killed a two-headed ogre
 10902 | D:9      | Reached skill level 10 in Stealth
 11192 | D:9      | Killed a two-headed ogre
 11193 | D:9      | Reached XP level 11. HP: 58/58 MP: 27/27
 11357 | D:9      | Found a snail-covered altar of Cheibriados.
 11489 | D:10     | Entered Level 10 of the Dungeon
 12073 | D:10     | Noticed Maurice
 12080 | D:10     | Killed Maurice
 12107 | D:10     | Noticed Snorg
 12125 | D:10     | Demolished by Snorg

Illustrated notes

Levels and vault maps discovered:
D:1:      nzn_arrival_crosshair, layout_basic, nicolae_ecumenical_lake_church,
          serial_shops, nicolae_shop_trees
D:2:      minmay_chambers_of_twos, layout_rooms, minmay_tetromino_t2
D:3:      layout_rooms, okawaru_ov_weapons_minmay, serial_undead,
          serial_undead_b, serial_undead_f, serial_undead_e, serial_undead_b,
          serial_undead_b, serial_undead_d, serial_undead_a, serial_undead_d,
          serial_undead_e, serial_undead_e, gup_sewer_entry_bubbles,
          nicolae_figureground_sparkle, uniq_terence, uniq_crazy_yiuf_cottage
D:4:      layout_cave_pools, nicolae_ossuary_entry_catacombs,
          minmay_shop_grid_forest, uniq_pikel
D:5:      layout_rooms, good_gods_temple_1, nemelex_diamond_rough_becter,
          fedhas_altar_2, mainiacjoe_overflow_tiny_flanked,
          nzn_overflow_gifts_of_might_and_magic, kennysheep_decorative_pillar,
          uniq_menkaure, uniq_sigmund, uniq_ijyb, uniq_duvessa
D:6:      layout_basic, serial_rivers, chequers_serial_rivers_room_b,
          chequers_serial_rivers_micro_a, chequers_serial_rivers_micro_d,
          chequers_serial_rivers_micro_a, chequers_serial_rivers_marsh,
          sigmund_army
D:7:      layout_layer_cave, old_standard_altar,
          minmay_temple_entry_proselytizer
D:8:      layout_basic
D:9:      nicolae_cairo_tiling_very_big, layout_rooms,
          mainiacjoe_overflow_alcove_4
D:10:     layout_cave_pools, david_lair_generic, minmay_pinched_square,
          uniq_maurice, uniq_snorg

Skill      XL: |  1  2  3  4  5  6  7  8  9 10 11 |
---------------+----------------------------------+-----
Stealth        | 3 4 5 7 8 10 | 10.4
Dodging        | 3 4 5 6 8 9 |  9.5
Conjurations   | 2 3 4 5 7 8 |  8.5
Spellcasting   | 4 5 6 7 9 10 | 10.5
Fire Magic     | 4 5 6 7 8 9 |  9.1
Fighting       | 2 |  2.7

Action                     |  1- 3 |  4- 6 |  7- 9 | 10-12 || total
---------------------------+-------+-------+-------+-------++-------
  Melee: Short sword       |     4 |     3 |       |       ||     7
         Dagger            |       |    11 |    76 |    44 ||   131
         Punch             |       |       |     2 |       ||     2
   Cast: Foxfire           |    47 |    35 |   103 |    75 ||   260
         Scorch            |       |    79 |   156 |   131 ||   366
         Volatile Blastmot |       |     3 |    10 |     1 ||    14
         Flame Wave        |       |       |     3 |     3 ||     6
    Use: Scroll            |       |    11 |    10 |     5 ||    26
         Potion            |       |       |     7 |     8 ||    15
   Stab: Sleeping          |     2 |       |     1 |     2 ||     5
         Invisible         |       |       |     1 |       ||     1
 Armour: Robe              |       |    16 |    47 |    30 ||    93
  Dodge: Dodged            |     5 |    45 |   133 |   149 ||   332

Table legend: (Time is in decaauts)
 A = Elapsed time spent in this place.
 B = Non-inter-level travel time spent in this place.
 C = Inter-level travel time spent in this place.
 D = Time resting spent in this place.
 E = Time spent auto-exploring this place.
 F = Levels seen in this place.
 G = Mean time per level.
                   A        B        C        D        E       F      G
               +--------+--------+--------+--------+--------+-----+--------+
         Total |  12171 |  11757 |    414 |   3949 |   5086 |  11 | 1106.5 |
       Dungeon |  11760 |  11346 |    414 |   3693 |   5086 |  10 | 1176.0 |
       Ossuary |    410 |    410 |      0 |    256 |      0 |   1 |  410.0 |
               +--------+--------+--------+--------+--------+-----+--------+

Top non-repeatable levels by time:
     D:8: 1915 daAuts
     D:7: 1406 daAuts
     D:9: 1310 daAuts
     D:3: 1295 daAuts
     D:5: 1263 daAuts
     D:2: 1241 daAuts
     D:4: 1169 daAuts
     D:1: 983 daAuts
     D:6: 879 daAuts
 Ossuary: 410 daAuts
    D:10: 295 daAuts
